Map: Vaani Research Station (Void)

Players

oliM - Winner!

  • Race: Protoss Protoss
  • League: Master
  • Spawn Location: 6:00

SoulSpirit

  • Race: Zerg Zerg
  • League: Master
  • Spawn Location: 12:00

VOD

Have the link to the VOD?

Description

Time

  • Played on: Nov. 29, 2016, 1:38 a.m.
  • Length: 18:31
Show
View Real Time Build Order
Export as new Build Order

oliM Protoss - Winner!

Build Orders: Nexus First, Zealot Archon, Dark Templar Rush 

Get SALT Encoding   

  12  0:01  Probe (Chrono Boost)  
  13  0:11  Probe (Chrono Boost)  
  14  0:19  Pylon  
  14  0:22  Probe (Chrono Boost)  
  15  0:37  Probe (Chrono Boost)  
  16  0:48  Probe (Chrono Boost)  
  17  0:59  Nexus  
  17  1:11  Gateway  
  17  1:14  Probe (Chrono Boost)  
  18  1:23  Assimilator  
  18  1:24  Probe (Chrono Boost)  
  19  1:28  Assimilator  
  19  1:35  Probe (Chrono Boost)  
  20  1:45  Probe (Chrono Boost)  
  21  1:51  Pylon  
  21  1:56  Probe (Chrono Boost)  
  21  1:58  Cybernetics Core  
  22  2:06  Probe (Chrono Boost)  
  23  2:09  Zealot  
  23  2:12  Probe (Chrono Boost)  
  26  2:17  Probe (Chrono Boost)  
  26  2:22  Probe (Chrono Boost)  
  28  2:27  Probe (Chrono Boost)  
  29  2:33  Probe (Chrono Boost)  
  29  2:35  Warp Gate  
  29  2:36  Stalker  
  32  2:41  Probe (Chrono Boost)  
  32  2:43  Probe (Chrono Boost)  
  33  2:52  Probe (Chrono Boost)  
  33  2:54  Twilight Council  
  33  2:57  Probe (Chrono Boost)  
  35  3:02  Probe (Chrono Boost)  
  36  3:07  Probe (Chrono Boost)  
  37  3:13  Probe (Chrono Boost)  
  37  3:17  Robotics Facility  
  37  3:18  Probe (Chrono Boost)  
  39  3:23  Probe (Chrono Boost)  
  40  3:28  Probe (Chrono Boost)  
  42  3:34  Probe (Chrono Boost)  
  42  3:35  Dark Shrine  
  42  3:39  Probe (Chrono Boost)  
  43  3:44  Probe (Chrono Boost)  
  43  3:47  Gateway  
  44  3:49  Gateway, Probe (Chrono Boost)  
  44  3:52  Gateway  
  44  3:55  Probe (Chrono Boost)  
  46  3:58  Assimilator  
  46  4:03  Assimilator, Pylon  
  46  4:07  Pylon  
  46  4:16  Warp Prism  
  46  4:17  Pylon  
  46  4:21  Probe (Chrono Boost)  
  46  4:22  Probe (Chrono Boost)  
  50  4:35  Probe (Chrono Boost)  
  52  4:49  Dark Templar x2, Observer  
  52  4:50  Dark Templar, Forge, Mothership Core (Chrono Boost)  
  52  4:51  Dark Templar  
  62  4:57  Probe (Chrono Boost)  
  63  5:11  Archon  
  63  5:12  Nexus, Archon  
  63  5:14  Pylon, Probe (Chrono Boost)  
  64  5:15  Pylon  
  64  5:22  Robotics Bay  
  64  5:26  Probe (Chrono Boost)  
  65  5:30  Gateway  
  65  5:32  Sentry  
  65  5:33  Gateway  
  65  5:34  Probe (Chrono Boost)  
  68  5:37  Protoss Ground Weapons Level 1, Probe (Chrono Boost)  
  69  5:43  Immortal  
  69  5:47  Probe (Chrono Boost)  
  69  5:48  Sentry  
  76  5:52  Probe (Chrono Boost)  
  77  5:59  Probe (Chrono Boost)  
  79  6:04  Probe (Chrono Boost)  
  79  6:07  Gateway, Blink  
  79  6:10  Gateway  
  80  6:11  Probe (Chrono Boost)  
  80  6:17  Disruptor  
  80  6:23  Probe (Chrono Boost)  
  84  6:26  Stalker x2  
  84  6:29  Probe (Chrono Boost)  
  84  6:30  Probe (Chrono Boost)  
  90  6:35  Probe (Chrono Boost)  
  90  6:37  Stalker x2  
  96  6:41  Probe x2 (Chrono Boost)  
  98  6:47  Assimilator, Probe (Chrono Boost)  
  98  6:52  Assimilator  
  98  6:53  Probe (Chrono Boost)  
  100  6:54  Probe (Chrono Boost)  
  100  7:01  Pylon x2  
  100  7:03  Pylon  
  100  7:06  Probe (Chrono Boost)  
  101  7:10  Pylon  
  101  7:14  Disruptor  
  101  7:19  Protoss Ground Weapons Level 2, Probe (Chrono Boost)  
  101  7:20  Probe x2 (Chrono Boost)  
  106  7:26  Stalker x2, Pylon  
  106  7:27  Stalker x3, Pylon  
  106  7:29  Probe (Chrono Boost)  
  117  7:35  Pylon  
  117  7:36  Dark Templar  
  119  7:41  Photon Cannon  
  119  7:45  Disruptor  
  119  7:50  Stalker x3  
  128  7:59  Photon Cannon  
  128  8:00  Stalker x2  
  132  8:14  Nexus  
  132  8:16  Pylon x2, Disruptor  
  132  8:23  Stalker x2  
  139  8:29  Stalker x2  
  143  8:36  Robotics Facility  
  143  8:43  Stalker x4  
  151  8:53  Probe (Chrono Boost)  
  151  8:54  Assimilator, Stalker  
  151  8:55  Stalker  
  156  8:59  Assimilator  
  156  9:03  Dark Templar x2  
  156  9:11  Stalker, Archon  
  156  9:12  Stalker x3  
  154  9:28  Stalker x2  
  154  9:29  Disruptor  
  153  9:42  Stalker x4  
  161  9:47  Probe (Chrono Boost)  
  161  9:49  Stalker x2  
  167  9:53  Pylon, Probe (Chrono Boost)  
  167  10:00  Disruptor  
  156  10:08  Stalker x4  
  156  10:09  Stalker  
  156  10:13  Warp Prism  
  162  10:20  Adept x3  
  162  10:28  Probe (Chrono Boost)  
  163  10:29  Photon Cannon  
  163  10:30  Probe (Chrono Boost)  
  163  10:31  Dark Templar, Disruptor  
  163  10:32  Photon Cannon  
  166  10:39  Stalker x4  
  177  10:43  Mothership Core (Chrono Boost)  
  177  10:47  Dark Templar  
  177  10:48  Adept  
  183  10:55  Adept  
  183  11:04  Observer  
  183  11:05  Adept x3  
  183  11:09  Stalker x3  
  194  11:34  Protoss Ground Weapons Level 3, Disruptor  
  194  11:36  Observer, Templar Archives  
  194  11:45  Stargate  
  194  11:57  Stalker x3  
  195  12:04  Probe (Chrono Boost)  
  195  12:05  Disruptor  
  195  12:08  Disruptor  
  186  12:20  Probe (Chrono Boost)  
  186  12:22  Stalker x3  
  150  12:45  Stalker x6  
  150  12:46  Stalker  
  150  12:50  Nexus  
  164  12:53  Pylon  
  164  12:54  Pylon  
  164  13:03  Oracle  
  163  13:06  Disruptor  
  163  13:10  Disruptor  
  166  13:14  Nexus  
  166  13:15  Pylon  
  166  13:16  Pylon  
  165  13:26  Stalker x5  
  165  13:27  Stalker x2  
  165  13:37  Disruptor  
  162  13:44  Stalker  
  167  13:51  Disruptor  
  167  13:54  Stalker  
  167  13:55  Stalker x5  
  160  14:08  Disruptor  
  152  14:14  Probe (Chrono Boost), Mothership Core (Chrono Boost)  
  152  14:15  Pylon  
  158  14:21  Probe (Chrono Boost)  
  158  14:22  Dark Templar x2  
  158  14:23  Adept  
  165  14:24  Zealot x2  
  165  14:27  Archon, Probe (Chrono Boost)  
  170  14:41  Adept, Dark Templar  
  174  14:54  Photon Cannon  
  174  14:57  Stalker x4  
  180  15:10  Adept  
  180  15:11  Adept x2  
  186  15:15  Assimilator  
  186  15:19  Assimilator  
  186  15:25  Adept x3  
  186  15:26  Adept x2  
  193  15:42  Adept x2  
  193  15:43  Adept  
  181  15:52  Probe (Chrono Boost)  
  171  16:00  Stalker x5  
  171  16:03  Nexus  
  161  16:05  Pylon  
  161  16:07  Pylon  
  159  16:12  Probe (Chrono Boost)  
  155  16:28  Immortal x2  
  153  16:39  Probe (Chrono Boost)  
  161  17:06  Stalker x5  
  169  17:11  Probe (Chrono Boost)  
  144  17:22  Stalker  
  144  17:23  Stalker  
  144  17:27  Probe (Chrono Boost)  
  132  17:30  Probe (Chrono Boost)  
  132  17:31  Stalker  
  130  18:04  Probe (Chrono Boost)  
Show
View Real Time Build Order
Export as new Build Order

SoulSpirit Zerg 

Build Orders: Hatch First, Lurkers 

Get SALT Encoding   

  12  0:00  Drone  
  13  0:14  Overlord  
  13  0:18  Drone  
  14  0:32  Drone  
  14  0:33  Drone  
  16  0:36  Drone  
  17  0:53  Hatchery  
  17  0:57  Drone  
  17  1:00  Drone  
  18  1:11  Extractor  
  18  1:15  Spawning Pool  
  17  1:18  Drone  
  17  1:21  Drone  
  18  1:30  Drone  
  19  1:41  Overlord  
  19  1:52  Drone  
  20  2:01  Queen  
  20  2:02  Zergling x2  
  20  2:05  Drone, Queen  
  26  2:10  Metabolic Boost  
  26  2:13  Drone  
  27  2:17  Drone  
  28  2:23  Drone  
  28  2:28  Drone  
  30  2:38  Hatchery  
  30  2:43  Drone  
  30  2:46  Overlord  
  30  2:50  Pneumatized Carapace  
  30  2:53  Drone  
  31  2:59  Overlord  
  31  3:00  Drone  
  31  3:03  Drone  
  33  3:06  Drone  
  35  3:12  Drone  
  35  3:13  Drone x2  
  35  3:14  Zergling x2  
  35  3:16  Drone  
  35  3:19  Overlord  
  39  3:22  Drone  
  39  3:24  Drone  
  41  3:29  Drone  
  41  3:31  Queen  
  44  3:38  Drone  
  44  3:41  Overlord  
  45  3:45  Drone x2, Roach Warren  
  46  3:50  Drone x2  
  46  3:53  Drone  
  49  3:55  Extractor  
  49  4:01  Queen  
  50  4:05  Lair  
  50  4:07  Spore Crawler, Drone  
  50  4:09  Spore Crawler  
  49  4:10  Drone  
  49  4:13  Spore Crawler  
  49  4:17  Drone x3  
  52  4:26  Roach x3  
  52  4:28  Roach  
  60  4:32  Roach  
  60  4:36  Roach  
  60  4:37  Overlord  
  64  4:42  Overlord  
  64  4:51  Roach x2  
  64  4:52  Roach  
  70  4:53  Overlord  
  70  4:54  Drone x3  
  70  4:55  Drone  
  74  5:05  Drone x3  
  77  5:11  Overlord  
  77  5:12  Drone x2  
  79  5:14  Glial Reconstitution  
  79  5:20  Drone x4  
  79  5:21  Extractor x2  
  81  5:22  Drone  
  81  5:23  Drone x2  
  81  5:24  Drone x2  
  85  5:32  Roach x2  
  89  5:39  Roach  
  89  5:40  Roach  
  90  5:46  Drone x5  
  93  5:51  Overlord  
  93  5:53  Extractor  
  93  5:54  Drone  
  93  5:55  Evolution Chamber, Drone x4  
  96  6:01  Overlord  
  96  6:09  Extractor  
  96  6:10  Overlord, Drone, Hydralisk Den  
  95  6:15  Overlord  
  95  6:17  Drone  
  96  6:19  Overlord  
  96  6:23  Zerg Missile Weapons Level 1  
  96  6:27  Hatchery  
  96  6:30  Overseer  
  95  6:38  Overlord  
  95  6:39  Hydralisk  
  95  6:40  Hydralisk x7, Grooved Spines  
  95  6:43  Hydralisk  
  95  6:45  Drone x2  
  95  6:46  Drone x3  
  118  6:50  Hydralisk  
  118  6:51  Hydralisk  
  122  6:59  Hydralisk  
  122  7:00  Hydralisk x2  
  128  7:03  Hydralisk  
  130  7:16  Drone, Spire  
  130  7:17  Drone x8  
  130  7:20  Extractor  
  130  7:21  Extractor  
  136  7:28  Drone  
  136  7:29  Baneling Nest  
  136  7:31  Zergling x2  
  136  7:32  Zergling x10  
  142  7:37  Overlord  
  142  7:38  Spore Crawler  
  141  7:50  Drone x4  
  141  7:51  Drone x2, Muscular Augments  
  147  7:52  Overlord  
  147  7:56  Zergling x4  
  147  7:57  Zergling x6  
  152  8:00  Drone  
  152  8:03  Infestation Pit  
  152  8:11  Zergling x2  
  152  8:12  Zergling x16  
  161  8:13  Centrifical Hooks  
  161  8:14  Hatchery  
  161  8:15  Baneling x5  
  161  8:16  Baneling x7  
  160  8:23  Drone  
  160  8:24  Drone  
  160  8:25  Spine Crawler  
  160  8:26  Baneling  
  161  8:27  Baneling x9  
  161  8:37  Spine Crawler  
  161  8:38  Spine Crawler  
  159  8:44  Baneling  
  159  8:45  Baneling x6  
  159  8:46  Hydralisk x4  
  159  8:47  Hydralisk x4  
  174  9:02  Zergling x4  
  176  9:03  Overlord  
  163  9:28  Hydralisk, Zergling x14  
  163  9:29  Hydralisk x8, Zergling x12  
  163  9:31  Lurker Den  
  175  9:34  Hive  
  175  9:36  Zergling x8  
  175  9:37  Zergling x6  
  178  9:40  Baneling x2  
  178  9:41  Baneling x2  
  178  9:48  Zergling x20  
  178  9:50  Overlord  
  188  9:55  Baneling  
  188  9:56  Baneling x9  
  187  10:06  Hydralisk  
  142  10:07  Hydralisk x7  
  155  10:18  Hydralisk x5  
  155  10:19  Hydralisk  
  158  10:24  Zerg Melee Weapons Level 1  
  158  10:31  Zergling x2  
  158  10:32  Zergling x16  
  167  10:36  Drone x3  
  167  10:37  Drone x2  
  172  10:45  Hydralisk x3  
  176  10:57  Drone x3  
  175  11:04  Lurker  
  175  11:05  Lurker x9  
  175  11:10  Baneling x2  
  185  11:14  Zergling x2  
  185  11:15  Zergling x24  
  196  11:26  Baneling x3  
  184  11:42  Zergling x10  
  184  11:45  Overlord x2  
  189  11:47  Baneling  
  189  11:48  Baneling x10  
  157  12:09  Hydralisk x12  
  157  12:10  Hydralisk x7  
  181  12:20  Overseer  
  174  12:24  Hydralisk x5  
  174  12:26  Overlord x2  
  155  12:44  Hydralisk  
  155  12:45  Hydralisk x8  
  159  12:54  Roach  
  159  12:55  Roach x7  
  174  12:58  Lurker  
  174  13:01  Roach x2  
  178  13:08  Roach x4  
  183  13:15  Roach x3  
  183  13:18  Roach x4  
  183  13:19  Roach  
  181  13:28  Hydralisk x5  
  183  13:36  Drone  
  184  13:44  Zergling x22  
  184  13:46  Zerg Melee Weapons Level 2  
  168  13:56  Hydralisk x7  
  164  14:06  Hydralisk x5  
  148  14:13  Zergling x2  
  148  14:14  Zergling x6  
  152  14:18  Extractor  
  152  14:19  Roach, Extractor  
  152  14:20  Roach x3  
  152  14:22  Zergling x2  
  152  14:24  Ultralisk Cavern  
  158  14:30  Zergling x8  
  162  14:35  Overseer  
  160  14:40  Zergling x8  
  160  14:42  Baneling  
  160  14:43  Baneling x12  
  160  14:44  Zergling x6  
  160  14:45  Zergling x14  
  174  14:50  Spore Crawler  
  172  14:56  Roach  
  172  14:57  Roach x3  
  179  15:00  Roach x2  
  178  15:07  Roach x4  
  178  15:10  Adrenal Glands  
  178  15:13  Chitinous Plating  
  181  15:20  Ultralisk  
  180  15:25  Zergling x2  
  180  15:26  Zergling x18  
  187  15:37  Ultralisk  
  187  15:38  Ultralisk  
  187  15:42  Zergling x6  
  190  15:55  Zergling x10  
  180  16:24  Zergling x16  
  180  16:25  Zergling x2  
  170  16:41  Ultralisk x2  
  182  16:56  Baneling  
  182  16:57  Baneling x10  
  158  17:20  Hydralisk  
  158  17:21  Hydralisk x3  
  129  17:35  Hatchery  
  114  17:48  Roach x3  
Tags
 
Add a new tag
Caveats
  • Supply blocks, unpowered buildings, or Contaminate may cause inaccurate times.
  • Supply counts are checked every 10 seconds.